 Dungeon Crawl Stone Soup version 0.26-a0-540-g8a0c9464d7 (webtiles) character file.

Game seed: 17889911253960558128

23 Inarius the Magician (level 2, -5/21 HPs)
             Began as a Mummy Wanderer on Aug 24, 2020.
             Slain by a water moccasin (7 damage)
             ... on level 5 of the Dungeon.
             The game lasted 00:02:02 (930 turns).

Inarius the Magician (Mummy Wanderer)                Turns: 930, Time: 00:02:02

Health: -5/21      AC:  8    Str: 17    XL:     2   Next: 72%
Magic:  5/5        EV: 10    Int: 10    God:
Gold:   63         SH:  0    Dex: 10    Spells: 6/6 levels left

rFire    x . .     SeeInvis .   e - +1 dagger (vamp)
rCold    + . .     Faith    .   (no shield)
rNeg     + + +     Spirit   .   a - +0 ring mail
rPois    ∞         Reflect  .   (no helmet)
rElec    .         Harm     .   (no cloak)
rCorr    .                      (no gloves)
MR       .....                  f - +2 pair of boots
Stlth    +.........             (no amulet)
HPRegen  0.07/turn              (no ring)
MPRegen  0.09/turn              (no ring)

@: no status effects
A: no potions, fire vulnerability, cold resistance 1, negative energy resistance
3, torment resistance, unbreathing
a: no special abilities


You were on level 5 of the Dungeon.
You visited 1 branch of the dungeon, and saw 4 of its levels.

You collected 63 gold pieces.

Inventory:

Hand Weapons
 e - a +1 vampiric dagger (weapon)
Armour
 a - a +0 ring mail (worn)
 d - a +0 robe
 f - a +2 pair of boots (worn)
Scrolls
 b - a scroll of magic mapping
 c - 2 scrolls of identify


   Skills:
 * Level 1.5 Fighting
 * Level 1.3 Armour
 - Level 1.0 Stealth
   Level 1.0 Shields
 - Level 2.6 Spellcasting
   Level 1.5 Transmutations
   Level 1.5 Earth Magic
   Level 1.5 Poison Magic


You had 6 spell levels left.
You didn't know any spells.
Your spell library contained the following spells:

 Spells                   Type           Power        Failure   Level
 Sting                    Tmut/Pois      #...         28%         1
 Animate Skeleton         Necr           #.....       47%         1
 Poisonous Vapours        Pois/Air       #.....       52%         2
 Ignite Poison            Fire/Tmut/Pois #.......     71%         3
 Mephitic Cloud           Conj/Pois/Air  #.......     78%         3
 Vampiric Draining        Necr           #.........   85%         3
 Olgreb's Toxic Radiance  Pois           #.......     96%         4


Dungeon Overview and Level Annotations

Branches:
Dungeon (1/15)

Altars:


Innate Abilities, Weirdness & Mutations

You do not drink.
Your flesh is vulnerable to fire.
You are immune to poison.
Your flesh is cold resistant. (rC+)
You are immune to negative energy. (rN+++)
You are immune to unholy pain and torment.
You can survive without breathing.


Message History

* * * LOW HITPOINT WARNING * * *
The water moccasin bites you but does no damage.
You closely miss the water moccasin.
The water moccasin is lightly wounded.
The water moccasin bites you but does no damage.
You hit the water moccasin.
The water moccasin is moderately wounded.
The water moccasin bites you.
* * * LOW HITPOINT WARNING * * *
You closely miss the water moccasin.
The water moccasin is moderately wounded.
The water moccasin bites you but does no damage. x2
You closely miss the water moccasin.
The water moccasin is lightly wounded.
The water moccasin bites you but does no damage.
You closely miss the water moccasin.
The water moccasin is lightly wounded.
The water moccasin bites you but does no damage.
The water moccasin bites you!
You die...

#....#......
#.......#.##
#.#.......#
#.##.#.####
#.##.#.# #......#
###### ####.###
.....#
########.####.....#
#........@S.#Z....#
#'##..#####.#.....#
#...##.# #.#.....##
#.≈.##.# #........#
#!≈.##.# #..##.##.#
#.≈.#..# #..#
#.≈!#... .)...
#...#... ##.###.#
##### ..# #


You could see a water moccasin.

Vanquished Creatures
  An adder (D:5)
  A dart slug (D:1)
  3 bats
  A giant cockroach (D:1)
  A goblin (D:1)
  A quokka (D:2)
  A frilled lizard (D:1)
  2 kobolds (D:1)
  A quokka skeleton (D:5)
  A rat (D:1)
13 creatures vanquished.

Notes
Turn   | Place    | Note
-------+----------+-------------------------------------------
     0 | D:1      | Inarius the Mummy Wanderer began the quest for the Orb.
     0 | D:1      | Inarius set off with the following items: a +0 club, a +0
                  | robe; and the following spells available to memorise:
                  | Sting, Animate Skeleton, Poisonous Vapours, Ignite Poison,
                  | Mephitic Cloud, Vampiric Draining, Olgreb's Toxic Radiance
     0 | D:1      | Reached XP level 1. HP: 13/13 MP: 4/4
   564 | D:1      | Reached skill level 1 in Fighting
   714 | D:1      | Reached XP level 2. HP: 21/21 MP: 5/5
   763 | D:1      | Reached skill level 1 in Armour
   768 | D:1      | You fall into a shaft and drop 1 floor!
   826 | D:2      | You fall into a shaft and drop 2 floors!
   826 | D:4      | Noticed an ogre
   847 | D:4      | You fall into a shaft and drop 1 floor!
   847 | D:5      | Entered Level 5 of the Dungeon
   905 | D:5      | Noticed an ogre
   910 | D:5      | Noticed a soldier ant
   910 | D:5      | an ogre changed into a soldier ant
   914 | D:5      | Noticed a yak
   914 | D:5      | a soldier ant changed into a yak
   916 | D:5      | Noticed a black bear
   916 | D:5      | a yak changed into a black bear
   923 | D:5      | Noticed a water moccasin
   923 | D:5      | a black bear changed into a water moccasin
   930 | D:5      | Slain by a water moccasin

Illustrated notes

Levels and vault maps discovered:
D:1:      dpeg_arrival_round_a, layout_basic
D:2:      layout_basic, uniq_sigmund
D:4:      layout_layer_cave, led_sif_book, uniq_grinder, uniq_natasha
D:5:      layout_loops_cross, serial_shops, nicolae_shop_stone, dk_vineyard_2

Skill      XL: |  1  2 |
---------------+-------+-----
Fighting       | 1 |  1.5
Armour         | 1 |  1.3
Stealth        | |  1.0
Shields        | |  1.0
Spellcasting   | |  2.6
Transmutations | |  1.5
Earth Magic    | |  1.5
Poison Magic   | |  1.5

Action                   || total
-------------------------++-------
Melee: Dagger            ||    54
       Club              ||    10
Evoke: Wand              ||    12
  Use: Scroll            ||     1
Armor: Robe              ||     5
       Ring mail         ||    26
Dodge: Dodged            ||    40

Table legend: (Time is in decaauts)
 A = Elapsed time spent in this place.
 B = Non-inter-level travel time spent in this place.
 C = Inter-level travel time spent in this place.
 D = Time resting spent in this place.
 E = Time spent auto-exploring this place.
 F = Levels seen in this place.
 G = Mean time per level.
                   A        B        C        D        E       F      G
               +--------+--------+--------+--------+--------+-----+--------+
         Total |    931 |    931 |      0 |    438 |    232 |   4 |  232.8 |
       Dungeon |    931 |    931 |      0 |    438 |    232 |   4 |  232.8 |
               +--------+--------+--------+--------+--------+-----+--------+

Top non-repeatable levels by time:
     D:1: 770 daAuts
     D:5: 82 daAuts
     D:2: 57 daAuts
     D:4: 20 daAuts
